 Dungeon Crawl Stone Soup version 0.23-a0-313-gf30bb39dab (webtiles) character file.

529067 MirrMurr the Slayer (level 26, -1/128 HPs)
             Began as a Tengu Berserker on Oct 7, 2018.
             Was an Elder of Trog.
             Slain by a cacodemon (3 damage)
             ... on level 3 of the Abyss on Oct 13, 2018.
             The game lasted 03:23:09 (64925 turns).

MirrMurr the Slayer (Tengu Berserker)              Turns: 64925, Time: 03:23:10

Health: -1/128     AC: 27    Str: 23 (24) XL:     26   Next: 15%
Magic:  17/17      EV: 21    Int: -2 (7)  God:    Trog [****..]
Gold:   4892       SH: 37    Dex: 22 (23) Spells: 25/25 levels left

rFire    + . .     SeeInvis +   a - +9 demon trident (vamp)
rCold    + . .     Gourm    .   J - +18 shield of the Gong {rElec rN+ MR+ EV-5}
rNeg     + . .     Faith    .   R - +4 plate armour of the Hot Ocelot {rPois Dex+9 Stlth-}
rPois    +         Spirit   .   y - +3 crown of Dyrovepreva {rElec Int+2 SInv}
rElec    +         Reflect  +   l - +2 cloak {rPois}
rCorr    +         Harm     .   e - +0 pair of gloves {archery}
MR       ++++.     Rnd*Tele +   (boots unavailable)
Stlth    ..........             U - +3 amulet of reflection (curse)
HPRegen  1.00/turn              E - ring of protection from fire
MPRegen  0.15/turn              f - ring of resist corrosion

@: flying quickly and evasively, very slightly contaminated, regenerating,
slowed, lost intelligence, studying Throwing, invisible, very slow
A: beak, horns 1, talons 3, [blurry vision 3], clumsy 2, cold resistance 1,
deformed body, [deterioration 2], [dopey 2], [frail 3], low mp 1[+2], [screaming
2], inhibited regeneration, [teleportitis 3], [no potion heal 2], [subdued magic
2], able to fly 2
}: 2/15 runes: decaying, gossamer
a: Stop Flying, Berserk, Trog's Hand, Brothers in Arms, Renounce Religion


You were on level 3 of the Abyss.
You worshipped Trog.
Trog was greatly pleased with you.
You were hungry.

You visited 9 branches of the dungeon, and saw 44 of its levels.
You visited the Abyss 8 times.
You also visited: Sewer, Bailey and Volcano.

You collected 7000 gold pieces.
You spent 2108 gold pieces at shops.

Inventory:

Hand Weapons
 a - a +9 vampiric demon trident (weapon)
 b - a +6 fustibalus of flaming
 q - a +0 blowgun
 w - a +6 demon trident of protection
Missiles
 k - 146 poisoned needles
 m - 603 sling bullets
 n - 35 tomahawks of returning
 K - 1333 stones (quivered)
 T - a throwing net {!f}
 V - 22 curare-tipped needles
Armour
 e - a +0 pair of gloves of archery (worn)
 l - a +2 cloak of poison resistance (worn)
 y - the +3 crown of Dyrovepreva (worn) {rElec Int+2 SInv}
   (You bought it in a shop on level 2 of the Orcish Mines)

   It affects your intelligence (+2).
   It insulates you from electricity.
   It lets you see invisible.
 J - the +18 shield of the Gong (worn) {rElec rN+ MR+ EV-5}
   (You took it off a deep elf death mage on level 3 of the Elven Halls)

   It affects your evasion (-5).
   It insulates you from electricity.
   It protects you from negative energy.
   It affects your resistance to hostile enchantments.
 R - the +4 plate armour of the Hot Ocelot (worn) {rPois Dex+9 Stlth-}
   (You took it off a deep elf high priest on level 3 of the Elven Halls)

   It affects your dexterity (+9).
   It protects you from poison.
   It makes you less stealthy.
Jewellery
 f - a ring of resist corrosion (right hand)
 u - the ring "Lal Nenn" {rElec rPois MP+9 Dex+7}
   (You found it on level 4 of the Abyss)

   [ring of magical power]

   It affects your dexterity (+7).
   It insulates you from electricity.
   It protects you from poison.
   It affects your magic capacity (+9).
 E - a ring of protection from fire (left hand)
 U - a cursed +3 amulet of reflection (around neck)
 Z - a +5 ring of protection
Wands
 z - a wand of clouds (6)
 C - a wand of digging (13)
 L - a wand of iceblast (34)
 M - a wand of paralysis (102)
 N - a wand of acid (29)
Scrolls
 d - 7 scrolls of fear
 g - 10 scrolls of enchant armour
 h - 6 scrolls of magic mapping
 i - 4 scrolls of identify
 j - 13 scrolls of teleportation
 p - 8 scrolls of fog
 r - 30 scrolls of remove curse
 B - 3 scrolls of immolation
 F - 11 scrolls of blinking
 G - 3 scrolls of silence
 P - a scroll of summoning
Potions
 o - 7 potions of magic
 s - 7 potions of lignification
 v - 15 potions of curing
 x - 6 potions of ambrosia
 A - 3 potions of agility
 D - 2 potions of might
 H - 9 potions of mutation
 I - 2 potions of resistance
 O - 10 potions of haste
 Y - a potion of cancellation
Books
 t - a manual of Throwing
Miscellaneous
 Q - 2 phantom mirrors
 S - 2 boxes of beasts
 X - a phial of floods
Comestibles
 c - 55 rations


   Skills:
 * Level 23.9 Fighting
 - Level 14.0 Polearms
 - Level 12.5(13.7) Slings
 + Level 10.1(12.6) Throwing
 + Level 21.1 Armour
 + Level 21.0 Dodging
 - Level 16.9 Shields


You had 25 spell levels left.
You didn't know any spells.
Your spell library was empty.

Dungeon Overview and Level Annotations

Branches:
Dungeon (15/15)            Temple (1/1) D:6            Lair (6/6) D:9
  Swamp (4/4) Lair:2       Spider (4/4) Lair:4        Slime (0/5) Lair:5
    Orc (2/2) D:12            Elf (3/3) Orc:2        Vaults (4/5) D:13
  Crypt (0/3) Vaults:2     Depths (5/5) D:15            Zot (0/5) Depths:5

Altars:
Dithmenos
Elyvilon
Fedhas
Makhleb
Nemelex Xobeh
Sif Muna
Vehumet
Wu Jian
Xom
Yredelemnul
The Shining One
Beogh
Jiyva

Shops:
D:10 *[=:   D:11 =   Orc:2 [:(?   Elf:2 =}=*   Vaults:1 :*(   Vaults:2 =
Vaults:3 :

Portals:
Hell: Depths:1 Depths:2 Depths:3 Depths:4 Depths:5
Abyss: Depths:2 Depths:4
Pandemonium: Depths:3
Ziggurat: Depths:3

Annotations:
D:4 2 transporters
D:9 2 runed doors, Yermak's ghost, journeyman GnSk
D:12 1 runed door, Nellup's ghost, journeyman MiBe
Swamp:3 2 transporters, Zuhoi's ghost, adept MiBe
Elf:2 4 runed doors


Innate Abilities, Weirdness & Mutations

You have a beak for a mouth.
You have claws for feet.
You can fly continuously.
You have a pair of small horns on your head.
You are very clumsy. (Dex -4)
Your flesh is cold resistant. (rC+)
Armour fits poorly on your strangely shaped body.
You do not regenerate when monsters are visible.
[Scrolls take you much longer to read.]
[Your body often deteriorates upon taking damage.]
[You are very dopey. (Int -4)]
[You are extremely frail. (-30% HP)]
[Your magical capacity is extremely low. (-30% MP)]
[You sometimes yell uncontrollably at your foes.]
[You are often teleported next to monsters.]
[Potions are poor at restoring your health.]
[Your spells are easier to cast, but less powerful.]


Message History

The Executioner closely misses you. You block the Executioner's attack.
PANG!
The Executioner barely misses you.
You block the small abomination's attack.
SHROANNG!
The large abomination completely misses you.
You hear a shout!
You hear a roar!
You hear a bark!
Something shouts, "Slither hence, thou foisting flat-headed blabberskite!"
You hear a roar!
You puncture the shadow! You claw the shadow!
You destroy the shadow!
Trog accepts your kill.
The wretched star pulses with an eldritch light!
Your vision blurs.
You block the large abomination's attack.
BONNNG!
You block the cacodemon's attack.
GONNNNG!
The cacodemon hits you.
You die...

...#....# ####..#.#
# .#
.........#..#.#. #.
. #
.........##..##.#
.#.
......#....##.#####.
............#.#..
..#.
....#..25.#..##### #
## # ....x18...8....
.....#X2*........
#.8_ #@x........ ###
##..8..#####
##...... ##......
#...8. #.... #.. ##


You could see 2 cacodemons, a wretched star, an Executioner, a large
abomination, 2 small abominations and a white imp.

Vanquished Creatures
  An ancient lich (Abyss:1)
  Mennas (Depths:4)
  A juggernaut (Depths:5)
  Sojobo (Vaults:2)
  A caustic shrike (Depths:4)
  Xtahua (Vaults:2)
  Nikola (Elf:2)
  A profane servitor (Abyss:2)
  Jory (Vaults:2)
  the Enchantress (Depths:4)
  2 bone dragons
  The ghost of Iliorip the Bludgeoner, a veteran GrFi of the Shining One (Elf:2)
  3 tentacled monstrosities
  2 hellephants
  8 liches
  3 deep elf blademasters
  A deep elf master archer (Elf:3)
  3 sphinxes
  An Executioner (Abyss:2)
  8 tentacled starspawn
  6 tengu reavers
  Agnes (Elf:2)
  3 shadow dragons
  2 thorn hunters
  A storm dragon (Depths:5)
  A draconian monk (Depths:5)
  7 fire giants
  4 revenants
  A caustic shrike zombie (Depths:2)
  7 frost giants
  7 deep elf sorcerers
  A cacodemon (Abyss:1)
  3 balrugs
  3 deep elf elementalists
  8 vault wardens
  A juggernaut zombie (Depths:2)
  Louise (Elf:2)
  A draconian stormcaller (Depths:5)
  11 emperor scorpions
  A ghoul (Vaults:1)
  6 entropy weavers
  3 ghost moths (Spider:4)
  9 spriggan defenders
  9 ironheart preservers
  17 stone giants
  A draconian annihilator (Depths:5)
  8 vampire knights
  19 very ugly things
  A green draconian (Depths:5)
  A juggernaut skeleton (Depths:2)
  Azrael (D:14)
  A black draconian (Depths:5)
  A lorocyproca (Abyss:1)
  2 red draconians
  8 deep elf annihilators
  6 deep elf demonologists (Elf:3)
  A yellow draconian (Depths:5)
  3 purple draconians
  5 spark wasps
  2 crystal guardians
  A fire dragon (shapeshifter) (Vaults:4)
  7 deep elf death magi (Elf:3)
  6 ettins
  2 green deaths
  12 yaktaur captains
  A great orb of eyes (shapeshifter) (Depths:1)
  6 jiangshi
  10 fire dragons
  4 deep elf high priests
  8 rakshasas
  6 great orbs of eyes
  A quicksilver dragon skeleton (Abyss:1)
  20 vault guards
  14 ice dragons
  6 spriggan air magi
  4 death knights
  6 catoblepae
  8 centaur warriors
  2 ghost crabs
  2 shambling mangroves (Swamp:4)
  An anaconda (shapeshifter) (Vaults:1)
  33 two-headed ogres
  34 hydras
  15 dancing weapons
  12 ogre magi
  6 alligators
  16 deep troll shamans
  A queen ant (Lair:4)
  5 death yaks (Lair:6)
  8 deep troll earth magi
  7 tengu warriors
  2 hell hogs (Depths:5)
  2 thrashing horrors (Abyss:1)
  A vampire mage (Depths:3)
  3 orc high priests (Orc:2)
  A soul eater (Abyss:1)
  5 spriggan berserkers
  6 sun demons
  Sonja (Lair:2)
  13 deep elf knights
  15 wretched stars
  5 iron trolls
  3 sixfirhies
  A titan skeleton (Vaults:4)
  A golden dragon zombie (Depths:2)
  38 starcursed masses
  A spark wasp zombie (Depths:2)
  3 glowing orange brains
  5 wizards
  A spatial maelstrom (Abyss:2)
  29 deep trolls
  A skeletal warrior (D:15)
  3 flayed ghosts
  An unseen horror (shapeshifter) (Depths:5)
  An unseen horror (D:10)
  14 deep elf archers
  6 swamp dragons
  A shadow demon (Abyss:1)
  4 phantasmal warriors
  8 ironbrand convokers
  A harpy (shapeshifter) (Vaults:4)
  A harpy (Vaults:1)
  A human zombie (Vaults:4)
  10 orc knights
  A sphinx skeleton (Depths:2)
  A shadow dragon zombie (Depths:2)
  A golden dragon skeleton (Depths:2)
  2 necromancers
  26 orb spiders
  51 deep elf magi
  An iron dragon zombie (Depths:2)
  5 cyclopes
  52 ugly things
  6 orc sorcerers
  2 salamanders
  24 wolf spiders
  3 manticores
  A salamander (shapeshifter) (Depths:2)
  2 tengu skeletons (Depths:2)
  2 moths of wrath
  7 worldbinders
  A rust devil (Depths:2)
  7 vault sentinels
  3 black mambas (Lair:4)
  A frost giant skeleton (Depths:2)
  2 torpor snails
  A guardian serpent (Abyss:4)
  2 eyes of devastation (Abyss:1)
  4 apocalypse crabs
  9 smoke demons
  2 spriggan zombies (Depths:2)
  17 spiny frogs
  A yaktaur zombie (Vaults:2)
  A rime drake (Lair:5)
  A kobold demonologist (D:12)
  A tormentor (Abyss:3)
  3 efreet
  A yaktaur (shapeshifter) (Vaults:4)
  An ice devil (Abyss:1)
  8 komodo dragons
  50 yaktaurs
  7 demonic crawlers
  5 ancient zymes
  2 human skeletons (Vaults:2)
  8 hellwings
  2 tengu conjurers (Depths:1)
  3 freezing wraiths
  32 jumping spiders
  8 trolls
  4 red devils (Depths:4)
  30 large abominations
  A harpy zombie (D:15)
  A jumping spider (shapeshifter) (Vaults:4)
  2 meliai (Abyss:3)
  Grinder (D:3)
  26 hornets
  15 bog bodies
  A meliai (shapeshifter) (Vaults:1)
  8 tyrant leeches
  18 blink frogs
  A raiju (shapeshifter) (Elf:2)
  56 slime creatures
  A slime creature (shapeshifter) (Depths:2)
  An ettin zombie (Vaults:2)
  A hippogriff (shapeshifter) (Vaults:2)
  17 raiju
  A fire giant simulacrum (Vaults:2)
  19 hippogriffs
  3 air elementals (Abyss:3)
  5 flying skulls
  45 redbacks
  11 dream sheep
  5 shadows
  53 yaks
  6 wraiths
  A spriggan skeleton (Depths:2)
  18 spriggans
  An ettin skeleton (Vaults:4)
  11 ynoxinuls
  Sigmund (D:3)
  3 wyverns
  20 tarantellas
  A vampire (D:11)
  16 water elementals
  5 fire elementals
  4 chaos spawn (Abyss:3)
  3 hungry ghosts
  4 golden eyes (Abyss:3)
  2 hogs (shapeshifter)
  23 vampire mosquitoes
  2 steam dragons
  13 swamp worms
  6 neqoxecs
  A redback simulacrum (D:12)
  A spatial vortex (Abyss:1)
  13 insubstantial wisps
  2 wargs
  16 water moccasins
  19 soldier ants (Lair:4)
  2 acid dragons (Vaults:2)
  13 hell hounds
  4 floating eyes
  10 porcupines
  A black bear (D:6)
  11 swamp drakes
  7 sky beasts
  5 ice beasts
  An ettin simulacrum (Abyss:1)
  3 phantoms
  3 eyes of draining
  31 orc warriors
  2 necrophages
  A tengu (shapeshifter) (Elf:1)
  24 ogres
  11 boggarts
  9 crocodiles
  6 wolves (Lair:1)
  22 centaurs
  4 big kobolds
  13 bullfrogs
  A wyvern zombie (D:14)
  7 earth elementals
  6 scorpions
  17 small abominations
  5 wights
  10 killer bees
  A snapping turtle simulacrum (Abyss:1)
  2 howler monkeys (D:12)
  A vampire bat (Abyss:3)
  7 electric eels
  7 crimson imps
  2 centaur zombies
  A bullfrog zombie (D:8)
  A human simulacrum (Vaults:4)
  4 iron imps (Abyss:1)
  2 bullfrog skeletons
  7 hounds
  3 jellies
  7 quasits
  16 orc priests
  6 centaur skeletons
  33 orc wizards
  3 iguanas
  Natasha (thrice) (D:3)
  23 worker ants
  A killer bee zombie (D:6)
  2 hound skeletons
  Robin (D:2)
  11 gnolls
  15 adders
  4 shadow imps
  A white imp (Abyss:3)
  17 oozes
  10 ufetubi
  2 adder skeletons (D:4)
  6 worms
  A dart slug (D:1)
  19 leopard geckos
  80 orcs
  8 giant cockroaches
  14 goblins
  12 hobgoblins
  9 jackals
  4 quokkas
  11 ball pythons
  5 bats
  13 frilled lizards
  A jackal zombie (D:6)
  23 kobolds
  A leopard gecko skeleton (D:4)
  10 rats
  5 crawling corpses
  A fire vortex (Depths:4)
  A lurking horror (Abyss:2)
  6 starspawn tentacles
2208 creatures vanquished.

Vanquished Creatures (collateral kills)
  Saint Roka (Depths:1)
  A tentacled starspawn (Abyss:3)
  An Executioner (Depths:2)
  A fire giant (Vaults:4)
  A vault warden (Vaults:4)
  An ironheart preserver (Vaults:4)
  An ogre mage (Vaults:2)
  A centaur warrior (Depths:1)
  2 hell hogs (Abyss:3)
  A deep troll (Vaults:4)
  2 large abominations (Abyss:3)
  A deep elf archer (Vaults:4)
  3 ugly things (Depths:1)
  A salamander (shapeshifter) (Depths:1)
  A worldbinder (Abyss:3)
  An apocalypse crab (Abyss:3)
  An orange demon (Abyss:3)
  A yaktaur (Vaults:4)
  A freezing wraith (Vaults:4)
  A raiju (Abyss:3)
  3 flying skulls (Abyss:3)
  A shadow (Abyss:3)
  3 starcursed masses (Abyss:3)
  A centaur (Depths:1)
  A small abomination (Abyss:3)
  An orc wizard (Depths:1)
  A starspawn tentacle (Abyss:3)
35 creatures vanquished.

Vanquished Creatures (others)
  A deep elf master archer (Elf:3)
  A frost giant (Depths:1)
  2 deep elf archers
  2 deep elf magi
  2 cyclopes
  11 yaktaurs
  A raiju (Depths:2)
  A redback (Spider:2)
  3 fire bats (Abyss:3)
  A water elemental (Elf:3)
  A killer bee (Abyss:3)
  2 orc priests
  3 orc wizards
  2 orcs (D:13)
  A briar patch (Swamp:4)
  11 fungi
  2 lurking horrors
  10 plants
  17 starspawn tentacles
74 creatures vanquished.

Grand Total: 2317 creatures vanquished

Notes
Turn   | Place    | Note
-------+----------+-------------------------------------------
     0 | D:1      | MirrMurr the Tengu Berserker began the quest for the Orb.
     0 | D:1      | Reached XP level 1. HP: 14/14 MP: 2/2
   148 | D:1      | Reached XP level 2. HP: 19/19 MP: 3/3
   957 | D:2      | Reached XP level 3. HP: 23/23 MP: 4/4
   963 | D:2      | Reached ** piety under Trog
  1216 | D:2      | Reached XP level 4. HP: 11/28 MP: 5/5
  1312 | D:2      | Noticed Robin
  1328 | D:2      | Killed Robin
  1443 | D:2      | Gained mutation: You can fly. [Tengu growth]
  1443 | D:2      | Reached XP level 5. HP: 16/32 MP: 6/6
  1548 | D:2      | Reached *** piety under Trog
  1763 | D:2      | Reached skill level 5 in Polearms
  1894 | D:3      | Noticed Grinder
  1906 | D:3      | Killed Grinder
  1906 | D:3      | Reached skill level 4 in Fighting
  1906 | D:3      | Reached XP level 6. HP: 38/38 MP: 7/7
  2100 | D:3      | Noticed Natasha
  2106 | D:3      | Killed Natasha
  2106 | D:3      | Reached XP level 7. HP: 36/43 MP: 8/8
  2138 | D:3      | Noticed Sigmund
  2145 | D:3      | Killed Sigmund
  2194 | D:3      | Found a shadowy altar of Dithmenos.
  2289 | D:3      | Noticed Natasha
  2296 | D:3      | Killed Natasha
  2327 | D:3      | Found a glowing drain.
  2349 | Sewer    | Entered a sewer
  2356 | Sewer    | Reached **** piety under Trog
  2925 | D:3      | Noticed Natasha
  2943 | D:3      | Killed Natasha
  2943 | D:3      | Reached XP level 8. HP: 42/48 MP: 9/9
  3197 | D:4      | Reached skill level 5 in Fighting
  3312 | D:4      | Reached skill level 5 in Armour
  3312 | D:4      | Reached skill level 5 in Dodging
  3485 | D:4      | Found a transporter.
  3684 | D:4      | Found a transporter.
  3707 | D:4      | Reached skill level 1 in Slings
  4165 | D:5      | Entered Level 5 of the Dungeon
  4765 | D:5      | Reached XP level 9. HP: 38/54 MP: 10/10
  4891 | D:6      | Got a slimy chain mail
  4930 | D:6      | Identified the cursed +0 chain mail of Wenad {rPois MR+}
                  | (You found it on level 6 of the Dungeon)
  4947 | D:6      | Found a staircase to the Ecumenical Temple.
  4986 | Temple   | Entered the Ecumenical Temple
  5078 | D:6      | Found a blossoming altar of Fedhas.
  5080 | D:6      | Found a radiant altar of Vehumet.
  5115 | D:6      | Found a shadowy altar of Dithmenos.
  5118 | D:6      | Found an ornate altar of the Wu Jian Council.
  5118 | D:6      | Found a shimmering altar of Xom.
  5122 | D:6      | Found a deep blue altar of Sif Muna.
  5366 | D:6      | Reached skill level 6 in Fighting
  6401 | D:8      | Reached ***** piety under Trog
  6401 | D:8      | Reached XP level 10. HP: 39/61 MP: 11/11
  6504 | D:8      | Reached skill level 10 in Polearms
  6623 | D:8      | Noticed a two-headed ogre
  6635 | D:8      | Killed a two-headed ogre
  6656 | D:8      | Reached skill level 7 in Fighting
  7124 | D:8      | Noticed a three-headed hydra
  7129 | D:8      | Killed a three-headed hydra
  7129 | D:8      | Reached skill level 5 in Slings
  7538 | D:9      | Reached XP level 11. HP: 67/67 MP: 12/12
  7615 | D:9      | Found a staircase to the Lair.
  7647 | D:9      | Found a radiant altar of Vehumet.
  7808 | D:9      | Found a glowing golden altar of the Shining One.
  7811 | D:9      | Found a basalt altar of Yredelemnul.
  7817 | D:9      | Noticed an angel
  8181 | D:9      | Received a gift from Trog
  8217 | D:9      | Found a large runed door.
  8218 | D:9      | Found a large runed door.
  8220 | D:9      | Noticed Yermak's ghost (journeyman GnSk)
  8487 | D:10     | Entered Level 10 of the Dungeon
  8487 | D:10     | Noticed a manticore
  8500 | D:9      | Killed a manticore
  8589 | D:10     | Found a white marble altar of Elyvilon.
  8592 | D:10     | Found Omakojej's Antique Armour Boutique.
  8658 | D:10     | Killed an unseen horror
  8846 | D:10     | Bought a bloodstained cloak for 237 gold pieces
  8851 | D:10     | Identified the +0 cloak "Achai" {rC+ SInv} (You bought it
                  | in a shop on level 10 of the Dungeon)
  8878 | D:10     | Found Guisuhio's Assorted Antiques.
  9219 | D:10     | Reached skill level 8 in Fighting
  9303 | D:10     | Found Gaclugif's Book Shoppe.
  9375 | D:10     | Found Xeirchese's Jewellery Emporium.
  9742 | D:11     | Found Yriockycots's Jewellery Boutique.
  9876 | D:11     | Received a gift from Trog
 10377 | Lair:1   | Entered Level 1 of the Lair of Beasts
 10398 | Lair:1   | Noticed a four-headed hydra
 10406 | Lair:1   | Killed a four-headed hydra
 10478 | Lair:1   | Reached XP level 12. HP: 75/75 MP: 13/13
 11488 | Lair:2   | Identified a scroll of acquirement
 11699 | Lair:2   | Noticed a catoblepas
 11709 | Lair:2   | Killed a catoblepas
 11785 | Lair:2   | Noticed Sonja
 11801 | Lair:2   | Killed Sonja
 11888 | Lair:2   | Reached skill level 9 in Fighting
 12399 | Lair:2   | Found a staircase to the Swamp.
 12665 | Lair:2   | Noticed an eight-headed hydra
 12671 | Lair:2   | Killed an eight-headed hydra
 13199 | Lair:3   | Noticed a five-headed hydra
 13208 | Lair:3   | Killed a five-headed hydra
 13208 | Lair:3   | Reached skill level 10 in Armour
 13529 | Lair:3   | Found a runed door.
 13812 | Lair:3   | Noticed a six-headed hydra
 13818 | Lair:3   | Killed a six-headed hydra
 13818 | Lair:3   | Reached skill level 10 in Dodging
 13822 | Lair:3   | Reached XP level 13. HP: 80/80 MP: 14/14
 13940 | Lair:4   | Received a gift from Trog
 14184 | Lair:4   | Found a hole to the Spider Nest.
 14559 | Lair:4   | Reached skill level 10 in Fighting
 14566 | Lair:4   | Noticed an entropy weaver
 14584 | Lair:4   | Noticed an entropy weaver
 14594 | Lair:4   | Killed an entropy weaver
 15047 | Lair:4   | Killed an entropy weaver
 15321 | Lair:5   | Received a gift from Trog
 15713 | Lair:5   | Found a staircase to the Slime Pits.
 15714 | Lair:5   | Found a viscous altar of Jiyva.
 16122 | Lair:6   | Entered Level 6 of the Lair of Beasts
 16258 | Lair:6   | Gained mutation: You can fly continuously. [Tengu growth]
 16258 | Lair:6   | Reached XP level 14. HP: 27/88 MP: 15/15
 16497 | Lair:6   | Reached skill level 11 in Fighting
 17134 | Lair:6   | Reached skill level 10 in Slings
 17192 | Lair:6   | Received a gift from Trog
 17480 | Lair:6   | Identified Taeg's Reference Book on Dark Arts and Flight
 17817 | D:12     | Found a staircase to the Orcish Mines.
 17885 | D:12     | Reached ****** piety under Trog
 18186 | D:12     | Found a sparkling altar of Nemelex Xobeh.
 18198 | D:12     | Found a runed door.
 18200 | D:12     | Found the +1 cloak of Starlight {rElec rC+ EV+4 Stlth--}
 18201 | D:12     | Noticed Nellup's ghost (journeyman MiBe)
 18306 | D:13     | Received a gift from Trog
 18565 | D:13     | Found a gate to the Vaults.
 18621 | D:13     | Reached XP level 15. HP: 96/96 MP: 16/16
 18631 | D:13     | Reached skill level 12 in Fighting
 19314 | D:14     | Noticed Azrael
 19332 | D:14     | Killed Azrael
 19427 | D:14     | Found a flagged portal.
 19511 | Bailey   | Entered a bailey
 19726 | Bailey   | Found a burning altar of Makhleb.
 19750 | Bailey   | Got an emerald-studded plate armour
 19751 | Bailey   | Identified the cursed +0 plate armour of the Eternal Void
                  | {Str+2 Int+3} (You took it off a kobold in a bailey)
 19944 | D:14     | Received a gift from Trog
 20172 | D:15     | Entered Level 15 of the Dungeon
 20675 | D:15     | Noticed a fire giant
 20677 | D:15     | Found a staircase to the Depths.
 20689 | D:15     | Killed a fire giant
 20947 | D:15     | Found a burning altar of Makhleb.
 21261 | Orc:1    | Entered Level 1 of the Orcish Mines
 21437 | Orc:2    | Entered Level 2 of the Orcish Mines
 21468 | Orc:2    | Received a gift from Trog
 21610 | Orc:1    | Found a roughly hewn altar of Beogh.
 21671 | Orc:1    | Found Naewn's Food Shoppe.
 21828 | Orc:2    | Found a dark tunnel.
 21852 | Volcano  | Entered a volcano
 21885 | Volcano  | Found a bloodstained altar of Trog.
 22178 | Orc:2    | Found a staircase to the Elven Halls.
 22471 | Orc:2    | Found Vinutu's Magic Scroll Emporium.
 22679 | Orc:2    | Reached skill level 13 in Fighting
 22711 | Orc:2    | Received a gift from Trog
 22723 | Orc:2    | Reached XP level 16. HP: 104/104 MP: 17/17
 22741 | Orc:2    | Found Iniphuw's Antique Armour Emporium.
 22767 | Orc:2    | Found Iffifuiz's Antique Weapon Shop.
 22773 | Orc:2    | Found Teos's Book Shop.
 22783 | Orc:2    | Bought the +3 crown of Dyrovepreva {rElec Int+2 SInv} for
                  | 1531 gold pieces
 22783 | Orc:2    | Found the +3 crown of Dyrovepreva {rElec Int+2 SInv}
 23098 | Swamp:1  | Entered Level 1 of the Swamp
 23099 | Swamp:1  | Upgraded the game from 0.23-a0-300-g6719eeacba to
                  | 0.23-a0-307-gc3b755d021
 23501 | Swamp:1  | Received a gift from Trog
 23955 | Swamp:1  | Received a gift from Trog
 24179 | Swamp:2  | Noticed a thorn hunter
 24207 | Swamp:2  | Killed a thorn hunter
 25241 | Swamp:3  | Reached skill level 1 in Shields
 25253 | Swamp:3  | Noticed Zuhoi's ghost (adept MiBe)
 25311 | Swamp:3  | Found a transporter.
 25341 | Swamp:3  | Found a transporter.
 25523 | Swamp:3  | Reached skill level 14 in Fighting
 25616 | Swamp:3  | Received a gift from Trog
 26311 | Swamp:4  | Entered Level 4 of the Swamp
 26766 | Swamp:4  | Reached XP level 17. HP: 98/112 MP: 18/18
 26859 | Swamp:4  | Received a gift from Trog
 26992 | Swamp:4  | Reached skill level 15 in Armour
 27550 | Swamp:4  | Reached skill level 15 in Dodging
 27597 | Swamp:4  | Reached skill level 15 in Fighting
 27617 | Swamp:4  | Received a gift from Trog
 27810 | Swamp:4  | Got a decaying rune of Zot
 28284 | Spider:1 | Entered Level 1 of the Spider Nest
 28689 | Spider:1 | Received a gift from Trog
 29034 | Spider:2 | Upgraded the game from 0.23-a0-307-gc3b755d021 to
                  | 0.23-a0-309-ge7838e6b1f
 29552 | Spider:2 | Received a gift from Trog
 30303 | Spider:2 | Received a gift from Trog
 30903 | Spider:3 | Reached skill level 16 in Fighting
 31487 | Spider:4 | Entered Level 4 of the Spider Nest
 31524 | Spider:4 | Reached XP level 18. HP: 120/120 MP: 19/19
 32735 | Spider:4 | Received a gift from Trog
 34064 | Spider:4 | Reached skill level 17 in Fighting
 34304 | Spider:4 | Got a gossamer rune of Zot
 34866 | Vaults:1 | Entered Level 1 of the Vaults
 35202 | Vaults:1 | Received a gift from Trog
 36139 | Vaults:1 | Found Kohuuxut's Assorted Antiques.
 36139 | Vaults:1 | Found Wenumiro's Book Shoppe.
 36156 | Vaults:1 | Received a gift from Trog
 36284 | Vaults:1 | Found Qaawim's Weapon Shoppe.
 36541 | Vaults:1 | Reached XP level 19. HP: 116/128 MP: 20/20
 36896 | Vaults:2 | Noticed Jory
 36909 | Vaults:2 | Paralysed by an ogre mage for 6 turns
 36923 | Vaults:2 | Killed Jory
 37417 | Vaults:2 | Reached skill level 5 in Shields
 37441 | Vaults:2 | Found Duciykoi's Jewellery Shop.
 37732 | Vaults:2 | Received a gift from Trog
 37732 | Vaults:2 | Reached skill level 18 in Fighting
 37811 | Vaults:2 | Noticed Xtahua
 37819 | Vaults:2 | Killed Xtahua
 38336 | Vaults:2 | Found a staircase to the Crypt.
 39363 | Vaults:3 | Received a gift from Trog
 39412 | Vaults:3 | Noticed Sojobo
 40454 | Vaults:2 | Killed Sojobo
 40454 | Vaults:2 | Reached XP level 20. HP: 137/137 MP: 21/21
 40583 | Vaults:3 | Found Mumaumut's Book Shop.
 41361 | Vaults:3 | Received a gift from Trog
 41982 | Vaults:4 | Reached skill level 19 in Fighting
 42450 | Vaults:4 | Reached skill level 10 in Shields
 42740 | Vaults:4 | Received a gift from Trog
 42880 | Vaults:4 | Paralysed by a great orb of eyes for 6 turns
 44023 | Depths:1 | Entered Level 1 of the Depths
 44068 | D:15     | Reached XP level 21. HP: 144/144 MP: 22/22
 44164 | Depths:1 | Received a gift from Trog
 44443 | Depths:1 | Found a gateway to Hell.
 44550 | Depths:1 | Noticed Saint Roka
 44611 | Depths:1 | Killed Saint Roka
 45042 | Depths:2 | Found a one-way gate to the infinite horrors of the Abyss.
 45343 | Depths:2 | Reached skill level 20 in Fighting
 45865 | Depths:2 | Received a gift from Trog
 46233 | Depths:2 | Paralysed by a vampire knight for 3 turns
 46485 | Depths:2 | Upgraded the game from 0.23-a0-309-ge7838e6b1f to
                  | 0.23-a0-310-gdcc7a326bf
 47307 | Depths:2 | Reached XP level 22. HP: 49/152 MP: 23/23
 47811 | Depths:2 | Received a gift from Trog
 48370 | Depths:3 | Found a gateway to a ziggurat.
 48644 | Depths:3 | Received a gift from Trog
 48668 | Depths:3 | Paralysed by a floating eye for 3 turns
 49693 | Depths:3 | Found a one-way gate leading to the halls of Pandemonium.
 49913 | Depths:4 | Noticed a caustic shrike
 50157 | Depths:3 | Paralysed by a floating eye for 2 turns
 50394 | Depths:4 | Paralysed by a floating eye for 3 turns
 50445 | Depths:4 | Received a gift from Trog
 50486 | Depths:4 | Killed a caustic shrike
 50562 | Depths:4 | Reached skill level 21 in Fighting
 50686 | Depths:4 | Received a gift from Trog
 50797 | Depths:4 | Paralysed by a vampire knight for 2 turns
 51170 | Depths:4 | Received a gift from Trog
 51398 | Depths:4 | Reached XP level 23. HP: 160/160 MP: 24/24
 51679 | Depths:5 | Entered Level 5 of the Depths
 51683 | Depths:5 | Noticed Mennas
 51782 | Depths:4 | Killed Mennas
 52375 | Depths:5 | Noticed the Enchantress
 52514 | Depths:5 | Received a gift from Trog
 52678 | Depths:4 | Killed the Enchantress
 52680 | Depths:4 | Identified the +3 faerie dragon scales {+Inv rElec rCorr
                  | HP+2} (You took it off the Enchantress on level 4 of the
                  | Depths)
 52775 | Depths:5 | Paralysed by a floating eye for 2 turns
 52798 | Depths:4 | Reached skill level 15 in Shields
 53538 | Depths:5 | Got a transparent lead ring
 53539 | Depths:5 | Identified the ring "Gosit" {rElec MP+9 Int+3} (You found
                  | it on level 5 of the Depths)
 53687 | Depths:5 | Noticed a juggernaut
 53704 | Depths:5 | Killed a juggernaut
 53776 | Depths:5 | Received a gift from Trog
 53975 | Depths:5 | Found a gate to the Realm of Zot.
 54526 | Depths:5 | Upgraded the game from 0.23-a0-310-gdcc7a326bf to
                  | 0.23-a0-313-gf30bb39dab
 54733 | Elf:1    | Entered Level 1 of the Elven Halls
 55098 | Elf:1    | Received a gift from Trog
 55163 | Elf:1    | Reached skill level 22 in Fighting
 55222 | Elf:1    | Reached XP level 24. HP: 168/168 MP: 24/24
 55272 | Elf:1    | Received a gift from Trog
 55444 | Elf:1    | Received a gift from Trog
 55842 | Elf:2    | Found Eboy's Assorted Antiques.
 55856 | Elf:2    | Found a runed door.
 55858 | Elf:2    | Noticed Iliorip's ghost (veteran GrFi)
 55937 | Elf:2    | Killed Iliorip's ghost
 56182 | Elf:2    | Found a large runed door.
 56182 | Elf:2    | Found a large runed door.
 56209 | Elf:2    | Found a large runed door.
 56209 | Elf:2    | Found a large runed door.
 56242 | Elf:2    | Noticed Agnes
 56252 | Elf:2    | Killed Agnes
 56302 | Elf:2    | Found Zabbuaq's Jewellery Emporium.
 56302 | Elf:2    | Found Polug's Gadget Shop.
 56303 | Elf:2    | Found Ovuakkit's Jewellery Emporium.
 56309 | Elf:2    | Bought an uncursed ring of resist corrosion for 340 gold
                  | pieces
 56333 | Elf:2    | Noticed Nikola
 56347 | Elf:2    | Killed Nikola
 56468 | Elf:2    | Noticed Louise
 56484 | Elf:2    | Killed Louise
 56801 | Elf:3    | Entered Level 3 of the Elven Halls
 57086 | Elf:3    | Received a gift from Trog
 58446 | Elf:3    | Received a gift from Trog
 58498 | Elf:3    | Got a translucent brass amulet
 58804 | Elf:3    | Received a gift from Trog
 58841 | Elf:3    | Identified the amulet of Baofohuf {+Blink +Rage rF- rC+
                  | Int+5} (You took it off a deep elf blademaster on level 3
                  | of the Elven Halls)
 58843 | Elf:3    | Identified the +4 plate armour of the Hot Ocelot {rPois
                  | Dex+9 Stlth-} (You took it off a deep elf high priest on
                  | level 3 of the Elven Halls)
 60129 | Depths:2 | Voluntarily entered the Abyss.
 60129 | Abyss:1  | Found a corrupted altar of Lugonu.
 60191 | Abyss:1  | Found a basalt altar of Yredelemnul.
 60243 | Abyss:3  | Found a corrupted altar of Lugonu.
 60332 | Abyss:3  | Reached skill level 1 in Throwing
 60362 | Abyss:3  | Found a roughly hewn altar of Beogh.
 60618 | Depths:2 | Escaped the Abyss
 60712 | Depths:2 | Voluntarily entered the Abyss.
 60737 | Abyss:1  | Reached XP level 25. HP: 175/175 MP: 24/24
 60775 | Abyss:1  | Paralysed by you for 5 turns
 60840 | Abyss:1  | Received a gift from Trog
 60880 | Abyss:1  | Gained mutation: [Your magical capacity is low. (-10% MP)]
                  | [mutagenic glow]
 60920 | Abyss:1  | Found a corrupted altar of Lugonu.
 60984 | Abyss:1  | Gained mutation: Your flesh is cold resistant. (rC+) [a
                  | neqoxec]
 61040 | Abyss:1  | Reached skill level 23 in Fighting
 61059 | Abyss:1  | Paralysed by accursed screaming for 1 turns
 61106 | Abyss:1  | Received a gift from Trog
 61149 | Abyss:1  | Reached skill level 5 in Throwing
 61161 | Depths:2 | Escaped the Abyss
 61264 | Depths:2 | Voluntarily entered the Abyss.
 61265 | Abyss:1  | Found a corrupted altar of Lugonu.
 61690 | Depths:2 | Escaped the Abyss
 61714 | Depths:2 | Received a gift from Trog
 61969 | Depths:2 | Voluntarily entered the Abyss.
 61977 | Abyss:1  | Identified the +1 large shield of Midwinter {-Tele Str+7}
                  | (You found it on level 1 of the Abyss)
 62072 | Abyss:2  | Found a corrupted altar of Lugonu.
 62301 | Abyss:3  | Paralysed by you for 6 turns
 62344 | Abyss:3  | Noticed an ancient lich
 62379 | Abyss:3  | Paralysed by accursed screaming for 1 turns
 62384 | Abyss:3  | Paralysed by accursed screaming for 2 turns
 62385 | Abyss:3  | HP: 5/176 [starcursed mass/accursed screaming (13)]
 62386 | Abyss:3  | HP: 1/176 [air elemental/tornado (5)]
 62390 | Abyss:3  | Found a corrupted altar of Lugonu.
 62452 | Abyss:4  | Got a heavily runed amber ring
 62453 | Abyss:4  | Identified the ring "Lal Nenn" {rElec rPois MP+9 Dex+7}
                  | (You found it on level 4 of the Abyss)
 62553 | Depths:2 | Escaped the Abyss
 62862 | Depths:2 | Voluntarily entered the Abyss.
 62944 | Abyss:1  | Gained mutation: Armour fits poorly on your strangely
                  | shaped body. [a cacodemon]
 62947 | Abyss:1  | Gained mutation: You are clumsy. (Dex -2) [a cacodemon]
 62953 | Abyss:1  | Killed an ancient lich
 62958 | Abyss:1  | Received a gift from Trog
 63467 | Abyss:3  | Gained mutation: You have a pair of small horns on your
                  | head. [a neqoxec]
 63471 | Abyss:3  | Paralysed by accursed screaming for 1 turns
 63484 | Abyss:3  | Gained mutation: You are very clumsy. (Dex -4) [a neqoxec]
 63514 | Abyss:3  | Noticed an ancient lich
 63687 | Depths:2 | Escaped the Abyss
 63975 | Depths:2 | Voluntarily entered the Abyss.
 64220 | Abyss:2  | Received a gift from Trog
 64313 | Abyss:2  | Reached XP level 26. HP: 99/184 MP: 19/21
 64495 | Depths:2 | Escaped the Abyss
 64507 | Depths:2 | Voluntarily entered the Abyss.
 64526 | Depths:2 | Escaped the Abyss
 64529 | Depths:2 | Voluntarily entered the Abyss.
 64551 | Abyss:2  | Found a corrupted altar of Lugonu.
 64553 | Abyss:2  | Found a corrupted altar of Lugonu.
 64680 | Abyss:3  | Received a gift from Trog
 64716 | Abyss:3  | Reached skill level 10 in Throwing
 64783 | Abyss:3  | Lost intelligence.
 64821 | Abyss:3  | Paralysed by accursed screaming for 1 turns
 64825 | Abyss:3  | Paralysed by accursed screaming for 1 turns
 64910 | Abyss:3  | Found an ornate altar of the Wu Jian Council.
 64915 | Abyss:3  | Gained mutation: You do not regenerate when monsters are
                  | visible. [a cacodemon]
 64924 | Abyss:3  | HP: 1/128 [Executioner (10)]
 64925 | Abyss:3  | Slain by a cacodemon

Vault maps used:
D:1:      dpeg_arrival_rooms_with_view
D:2:      uniq_robin
D:3:      cheibrodos_sewer_entry_drain, grunt_dithmenos_smoke_and_mirrors,
          uniq_natasha, uniq_sigmund, uniq_grinder
D:4:      gammafunk_steamed_eel, minmay_misc_feat_tiny, serial_bayou_ford_a,
          minmay_misc_feat_pillars
D:5:      first_ration
D:6:      grunt_temple_overflow_open, nicolae_overflow_hidden_temple,
          minmay_temple_entry_butterflies, kennysheep_another_room,
          serial_park_tiny_2
D:8:      hangedman_ranch
D:9:      grunt_temple_overflow_holy_war, david_lair_shrubbed,
          ebering_ghost_disaster_area, vehumet_altar_wand_db
D:10:     basic_altar, serial_shops, nicolae_shop_crystal, shop,
          nicolae_shop_crystal, kennysheep_little_box, item_on_display_a
D:11:     serial_shops, shop
D:12:     orc_0_dummy, ebering_ghost_inner_flame, basic_altar, minivault_23,
          st_stairs_10
D:13:     erik_vaults_2, lemuel_flamethrower_2
D:14:     skrybe_limestone_x, enter_bailey_2, uniq_azrael
D:15:     grunt_enter_depths_giant_problem, dk_noncrumbling_3, basic_altar,
          chequers_big_river
Temple:   minmay_temple_curvy_branch
Lair:2:   nicolae_swamp_entry_splash_gauntlet, grunt_megastairs_5,
          infiniplex_staircase_pool, serial_bayou_shore_b, uniq_sonja
Lair:3:   pf_torpor_hydra
Lair:4:   spider_nest_entry_webs, zaba_antful_of_joy, grunt_megastairs_2
Lair:5:   slime_altar_1, beast_lair_carwin_8, lemuel_fruit_fields
Lair:6:   evilmike_catoblepas_cave
Swamp:1:  nicolae_swamp_trees_clearing
Swamp:2:  evilmike_swamp_ruin_rubble_1
Swamp:3:  gammafunk_ghost_arena, evilmike_swamp_ruin_house_4
Swamp:4:  swamp_basic_johnstein
Spider:3: nicolae_orb_stairs
Spider:4: grunt_spider_rune_circles
Orc:1:    basic_altar, serial_shops, shop
Orc:2:    st_orc_elflike, nicolae_volcano_entry_lava_flow, nicolae_orc_lava_room
Elf:1:    eino_elf_arrival_shootout, minivault_28, minivault_4,
          minmay_misc_feat_cross, minivault_23
Elf:2:    serial_shops, shop_fountains, gammafunk_ghost_grave,
          minmay_shop_grove, uniq_louise, uniq_nikola, uniq_agnes
Elf:3:    grunt_elf_hall_diamonds
Vaults:1: hangedman_vaults_hard_town_square, ontoclasm_vaults_ring_large,
          v_rooms_2, hangedman_vaults_restitches,
          ontoclasm_vaults_decontamination, vaults_mumra_hexcomb
Vaults:2: v_misc_26, minmay_crypt_entry_simple_walls, vaults_room_boxed,
          vaults_room_hallway, v_misc_12, v_misc_2, hangedman_vaults_capsules,
          v_alt_pattern_1, hangedman_vaults_hat, vaults_room_pools,
          ontoclasm_vaults_ligature, nicolae_vaults_little_squares_1,
          nicolae_vaults_meeting, vaults_room_hallway,
          ontoclasm_vaults_loading_screen, serial_shops, shop, uniq_jory,
          uniq_xtahua
Vaults:3: v_misc_23, v_misc_32, ontoclasm_vaults_pinch, v_rooms_3, v_misc_18,
          vaults_room_grunt_arrival_checkpoint, serial_shops, shop, uniq_sojobo
Vaults:4: nicolae_vaults_network_periphery, st_cells, vaults_room_door_ring,
          vaults_dpeg_cross, vaults_dpeg_diagonal, nicolae_vaults_theta,
          vaults_dpeg_hooks, hangedman_vaults_slice, vaults_mumra_lcd,
          nicolae_vaults_diagonal_hallway_7, vaults_room_door_hall, v_misc_3
Depths:1: hex_medium, pf_dread_powers_of_hell, due_unseen_surprise,
          grunt_megastairs_4, uniq_saint_roka
Depths:2: hangedman_screamer, abyss_entry, hangedman_abyss_or_decor_slice,
          grunt_hell_entry_dis_mu, infiniplex_staircase_spiral,
          grunt_megastairs_3
Depths:3: kennysheep_scales, enter_ziggurat_e, hell_entry, pan_entry,
          glass_columns_c, infiniplex_staircase_9_rooms
Depths:4: minmay_ambush_box, abyss_entry, hellmouth_3, minivault_11,
          infiniplex_staircase_zigzag_2
Depths:5: grunt_zot_entry_pinwheel, kennysheep_crisscross, grunt_hell_horde,
          uniq_mennas, uniq_enchantress
Abyss:1:  eino_small_chamber_without_monster, minivault_22, minivault_25,
          evilmike_abyss_exit_12, evilmike_abyss_exit_17
Abyss:2:  minivault_5, minivault_23
Abyss:3:  nicolae_abyss_rune_left_handed, grunt_abyss_rune_forest_and_sorcery,
          hangedman_steaming_rock, abyss_exit_lava,
          hangedman_abyss_or_decor_jellyfish_corner, hangedman_decor_points,
          hangedman_abyss_monster_moat, evilmike_abyss_rune_tso_outpost
Abyss:4:  evilmike_abyss_exit_chaos, guppyfry_abyss_exit_glass_guarded,
          grunt_abyss_rune_forest_and_sorcery, onia_ninara_dug_in_and_dangerous
Sewer:    sewer_frog_island_02
Bailey:   bailey_axe_3, bailey
Volcano:  kennysheep_volcano_temple

Skill      XL: |  1  2  3  4  5  6  7  8  9 10 11 12 13 14 15 16 17 18 19 20 21 22 23 24 25 26 |
---------------+-------------------------------------------------------------------------------+-----
Polearms       | 4 5 6 8 9 11 12 13 14 | 14.0
Dodging        | 3 4 5 6 7 9 10 11 12 13 14 15 16 17 18 19 20 21 | 21.0
Armour         | 3 4 5 6 7 9 10 11 12 13 14 15 16 17 18 19 20 21 | 21.1
Fighting       | 4 5 6 7 8 9 10 11 13 14 16 17 18 19 20 21 22 23 | 23.9
Slings         | 2 4 5 6 7 9 10 12 | 12.5
Shields        | 3 4 8 10 12 14 15 16 | 16.9
Throwing       | 3 9 10 | 10.1

Action                   |  1- 3 |  4- 6 |  7- 9 | 10-12 | 13-15 | 16-18 | 19-21 | 22-24 | 25-27 || total
-------------------------+-------+-------+-------+-------+-------+-------+-------+-------+-------++-------
Melee: Spear             |    50 |   151 |   268 |       |       |       |       |       |       ||   469
       Kick              |    10 |    30 |   128 |   209 |   520 |   811 |  1003 |  1021 |   590 ||  4322
       Peck              |     6 |    17 |    75 |   136 |   362 |   536 |   627 |   642 |   368 ||  2769
       Trident           |       |       |   181 |   646 |    32 |       |       |       |       ||   859
       Fustibalus        |       |       |       |     1 |       |       |       |       |       ||     1
       Demon trident     |       |       |       |       |  1531 |  2021 |  1993 |  2342 |  1170 ||  9057
       Headbutt          |       |       |       |       |       |       |       |       |    91 ||    91
 Fire: Hunting sling     |       |       |   134 |    79 |       |       |       |       |       ||   213
       Fustibalus        |       |       |       |   157 |       |       |       |       |       ||   157
Invok: Berserk           |     3 |     3 |     7 |    17 |    14 |     5 |    10 |    11 |     1 ||    71
       Trog's Hand       |       |       |     6 |     7 |     2 |       |    12 |    24 |    28 ||    79
       Brothers in Arms  |       |       |       |       |       |       |     6 |     1 |     3 ||    10
 Abil: Fly               |       |       |       |       |     1 |       |       |     1 |       ||     2
       Stop Flying       |       |       |       |       |       |       |       |     1 |       ||     1
Evoke: Wand              |       |       |       |       |       |     3 |       |       |       ||     3
  Use: Scroll            |     4 |       |    15 |    10 |    10 |    10 |     3 |    20 |    13 ||    85
       Potion            |       |       |       |       |     2 |     5 |     5 |     2 |     8 ||    22
 Stab: Sleeping          |     1 |       |       |       |       |       |       |       |       ||     1
       Distracted        |       |       |       |       |     1 |       |       |     2 |     3 ||     6
       Invisible         |       |       |       |       |       |       |       |       |     2 ||     2
  Eat: Chunk             |     3 |     6 |    17 |    31 |    39 |    34 |    33 |    36 |     2 ||   201
       Ration            |       |       |     2 |     3 |     3 |     4 |     6 |     7 |     8 ||    33
Armor: Animal skin       |     2 |     5 |       |       |       |       |       |       |       ||     7
       Chain mail        |       |    14 |   166 |   284 |   326 |   150 |       |       |       ||   940
       Swamp dragon scal |       |       |       |       |       |   106 |       |       |       ||   106
       Plate armour      |       |       |       |       |       |   348 |   524 |   384 |   239 ||  1495
Dodge: Dodged            |    27 |    45 |   165 |   316 |   688 |  1361 |   696 |   652 |   367 ||  4317
Block: Buckler           |       |       |       |       |       |   571 |       |       |       ||   571
       Large shield      |       |       |       |       |       |    22 |  1539 |  1540 |       ||  3101
       Reflection        |       |       |       |       |       |     6 |    85 |   121 |    21 ||   233
       Shield            |       |       |       |       |       |       |       |   113 |  1315 ||  1428

Table legend:
 A = Non-vault XP
 B = Vault XP
 C = Vault XP percentage of total XP
 D = Non-vault monster count
 E = Vault monster count
 F = Vault count percentage of total count
                 A         B        C        D         E       F
            +---------+---------+-------+---------+---------+-------
      Total |  705649 |  424686 |  37.6 |    1621 |     627 |  27.9
            +---------+---------+-------+---------+---------+-------
        D:1 |      25 |       3 |  10.7 |      15 |       2 |  11.8
        D:2 |     203 |      37 |  15.4 |      35 |      12 |  25.5
        D:3 |     158 |     537 |  77.3 |      20 |       5 |  20.0
        D:4 |     705 |       0 |   0.0 |      27 |       0 |   0.0
        D:5 |     466 |       0 |   0.0 |      11 |       0 |   0.0
        D:6 |    1081 |       0 |   0.0 |      17 |       0 |   0.0
        D:7 |     655 |       0 |   0.0 |      17 |       0 |   0.0
        D:8 |    2944 |    2109 |  41.7 |      26 |       8 |  23.5
        D:9 |    1885 |     356 |  15.9 |      23 |       2 |   8.0
       D:10 |    2628 |       0 |   0.0 |      31 |       0 |   0.0
       D:11 |    3008 |       0 |   0.0 |      36 |       0 |   0.0
       D:12 |    7443 |     610 |   7.6 |      47 |       2 |   4.1
       D:13 |    3786 |    7894 |  67.6 |      25 |       8 |  24.2
       D:14 |    5423 |    2123 |  28.1 |      19 |       6 |  24.0
       D:15 |   18758 |    1870 |   9.1 |      41 |       1 |   2.4
     Lair:1 |    3757 |       0 |   0.0 |      19 |       0 |   0.0
     Lair:2 |    6012 |    1567 |  20.7 |      20 |       5 |  20.0
     Lair:3 |    2436 |    1359 |  35.8 |       8 |       2 |  20.0
     Lair:4 |    6410 |    8181 |  56.1 |      22 |      39 |  63.9
     Lair:5 |    3646 |    2368 |  39.4 |      14 |       9 |  39.1
     Lair:6 |    8068 |   10879 |  57.4 |      31 |      23 |  42.6
    Swamp:1 |   11936 |       0 |   0.0 |      38 |       0 |   0.0
    Swamp:2 |   11408 |       0 |   0.0 |      31 |       0 |   0.0
    Swamp:3 |   16703 |       0 |   0.0 |      39 |       0 |   0.0
    Swamp:4 |    5608 |   28595 |  83.6 |      24 |      36 |  60.0
   Spider:1 |    8936 |       0 |   0.0 |      25 |       0 |   0.0
   Spider:2 |   16951 |       0 |   0.0 |      41 |       0 |   0.0
   Spider:3 |   12972 |    3115 |  19.4 |      32 |       6 |  15.8
   Spider:4 |   14387 |   26249 |  64.6 |      29 |      40 |  58.0
      Orc:1 |    1626 |       0 |   0.0 |      24 |       0 |   0.0
      Orc:2 |    2460 |    8313 |  77.2 |      35 |      23 |  39.7
      Elf:1 |   22041 |    8649 |  28.2 |      38 |      14 |  26.9
      Elf:2 |    7677 |   14809 |  65.9 |      16 |       8 |  33.3
      Elf:3 |   28289 |   43932 |  60.8 |      41 |      31 |  43.1
   Vaults:1 |   21663 |   11628 |  34.9 |      42 |      21 |  33.3
   Vaults:2 |   26797 |   39176 |  59.4 |      41 |      37 |  47.4
   Vaults:3 |   22122 |   17771 |  44.5 |      38 |      23 |  37.7
   Vaults:4 |   33822 |   27494 |  44.8 |      35 |      41 |  53.9
   Depths:1 |   45891 |   14982 |  24.6 |      60 |      24 |  28.6
   Depths:2 |   33534 |   28692 |  46.1 |      60 |      34 |  36.2
   Depths:3 |   26978 |   16482 |  37.9 |      31 |      13 |  29.5
   Depths:4 |   62271 |   27008 |  30.3 |      78 |      25 |  24.3
   Depths:5 |   38070 |   30106 |  44.2 |      44 |      31 |  41.3
    Abyss:1 |   73905 |   24136 |  24.6 |     136 |       9 |   6.2
    Abyss:2 |   18743 |       0 |   0.0 |      27 |       0 |   0.0
    Abyss:3 |   41080 |    6784 |  14.2 |      87 |      15 |  14.7
    Abyss:4 |   20282 |    2781 |  12.1 |      25 |       4 |  13.8
      Sewer |       0 |     266 | 100.0 |       0 |      44 | 100.0
     Bailey |       0 |     424 | 100.0 |       0 |      16 | 100.0
    Volcano |       0 |    3401 | 100.0 |       0 |       8 | 100.0
            +---------+---------+-------+---------+---------+-------
